 Dungeon Crawl Stone Soup version 0.28-a0-779-g3d1f99b579 (webtiles) character file.

Game seed: 611488827634802436

21 siradein the Covered (level 2, -1/19 HPs)
             Began as a Gargoyle Fighter on Nov 2, 2021.
             Slain by a jackal (3 damage)
             ... on level 1 of the Dungeon.
             The game lasted 00:01:38 (334 turns).

siradein the Covered (Gargoyle Fighter)              Turns: 334, Time: 00:01:39

Health: -1/19      AC:  9    Str: 19    XL:     2   Next: 83%
Magic:  2/2        EV:  9    Int:  8    God:
Gold:   22         SH:  4    Dex:  9    Spells: 1/1 levels left

rFire   . . .      SeeInvis .   e - +2 whip (vamp)
rCold   . . .      Faith    .   c - +0 buckler
rNeg    + . .      Spirit   .   b - +0 scale mail
rPois   ∞          Reflect  .   (no helmet)
rElec   +          Harm     .   (no cloak)
rCorr   .          Rampage  .   (no gloves)
Will    .....                   (no boots)
Stlth   ..........              (no amulet)
HPRegen 0.06/turn               (no ring)
MPRegen 0.08/turn               (no ring)

@: no status effects
A: sickness immunity, AC +2, negative energy resistance 1, electricity
resistance, torment resistance 1, petrification resistance
a: no special abilities


You were on level 1 of the Dungeon.
You visited 1 branch of the dungeon, and saw 1 of its levels.

You collected 22 gold pieces.

Inventory:

Hand Weapons
 e - a +2 vampiric whip (weapon)
Missiles
 a - 19 poisoned darts (quivered)
Armour
 b - a +0 scale mail (worn)
 c - a +0 buckler (worn)
Scrolls
 f - a scroll of immolation {unknown}
 h - a scroll of vulnerability {unknown}
 i - a scroll of enchant weapon {unknown}
Potions
 d - a potion of might
 g - a potion of degeneration {unknown}


   Skills:
 + Level 3.5 Fighting
 + Level 2.3 Maces & Flails
 + Level 3.6 Armour
 + Level 3.6 Shields


You had one spell level left.
You didn't know any spells.
Your spell library was empty.

Dungeon Overview and Level Annotations

Branches:
Dungeon (1/15)

Altars:


Innate Abilities, Weirdness & Mutations

You are immune to sickness and miasma.
Your stone body is resilient. (AC +2)
You are immune to poison.
You resist negative energy. (rN+)
You are resistant to electric shocks. (rElec)
You are resistant to unholy torment.
You are immune to petrification.


Message History

You barely miss the jackal. The quokka bites you.
You block the jackal's attack.
You barely miss the jackal.
The jackal bites you but does no damage.
The jackal closely misses you. The quokka bites you.
You block the jackal's attack.
You whack the jackal!
You feel better.
You kill the jackal!
The jackal closely misses you.
The quokka bites you but does no damage.
The jackal bites you.
A dart slug comes into view.
You closely miss the jackal. The jackal bites you. The quokka bites you.
The jackal bites you but does no damage. x2
The jackal bites you.
The quokka bites you but does no damage.
You are too injured to fight recklessly!
You are too injured to fight recklessly!
The jackal bites you but does no damage.
The jackal bites you.
* * * LOW HITPOINT WARNING * * *
You block the jackal's attack. The jackal closely misses you.
You see here a jackal corpse.
The jackal bites you but does no damage.
The jackal closely misses you. The jackal bites you.
* * * LOW HITPOINT WARNING * * *
You block the jackal's attack. The jackal bites you.
* * * LOW HITPOINT WARNING * * *
You block the quokka's attack. The jackal barely misses you.
The jackal bites you.
* * * LOW HITPOINT WARNING * * *
You block the quokka's attack.
You open the door. You block the jackal's attack. x2
The quokka closely misses you. The jackal barely misses you.
There is an open door here.
The jackal bites you.
You die...

........##.............##?.......
........).....⌠.<.⌠.....+........
........##.............##..#...#.
.........#####..⌠..#####...#...†.
#..>........###...## #........#.
...........## #...#####..........
...........[. #...#..##w.........
........#######...#............#.
.....#...# ##@##.....)........
.........####. #h#...............
..........#... #.hr..............
.............# ###....#....).....
.........# #.# ###..###..........
........# #.###....# #..........
........# #......### ###........
....###.## #.....## #........
....# #..###..#### ##...##...


You could see 2 jackals.

Vanquished Creatures
  A dart slug (D:1)
  An endoplasm (D:1)
  3 giant cockroaches (D:1)
  A goblin (D:1)
  A jackal (D:1)
  3 kobolds (D:1)
  A quokka (D:1)
  A ball python (D:1)
  A bat (D:1)
  4 rats (D:1)
17 creatures vanquished.

Notes
Turn   | Place    | Note
-------+----------+-------------------------------------------
     0 | D:1      | siradein the Gargoyle Fighter began the quest for the Orb.
     0 | D:1      | Reached XP level 1. HP: 14/14 MP: 1/1
   133 | D:1      | Reached XP level 2. HP: 19/19 MP: 2/2
   334 | D:1      | Slain by a jackal

Illustrated notes

Levels and vault maps discovered:
D:1:      evilmike_arrival_plus, layout_rooms, minmay_misc_feat_columns

Action                   || total
-------------------------++-------
Melee: Whip              ||    42
       Flail             ||     9
Armor: Scale mail        ||    29
Dodge: Dodged            ||    34
Block: Buckler           ||    13

Table legend: (Time is in decaauts)
 A = Elapsed time spent in this place.
 B = Non-inter-level travel time spent in this place.
 C = Inter-level travel time spent in this place.
 D = Time resting spent in this place.
 E = Time spent auto-exploring this place.
 F = Levels seen in this place.
 G = Mean time per level.
                   A        B        C        D        E       F      G
               +--------+--------+--------+--------+--------+-----+--------+
         Total |    336 |    336 |      0 |      0 |    208 |   1 |  336.0 |
       Dungeon |    336 |    336 |      0 |      0 |    208 |   1 |  336.0 |
               +--------+--------+--------+--------+--------+-----+--------+

Top non-repeatable levels by time:
     D:1: 336 daAuts
